 Dungeon Crawl Stone Soup version 0.21.1-1-g345015f (console) character file.

189 fly the Poker (level 5, -1/54 HPs)
             Began as an Ogre Fighter on May 23, 2018.
             Slain by a hobgoblin
             ... wielding a +0 club
              (7 damage)
             ... on level 3 of the Dungeon.
             The game lasted 00:05:09 (1761 turns).

fly the Poker (Ogre Fighter)                        Turns: 1761, Time: 00:05:10

Health: -1/54      AC:  3    Str: 20    XL:     5   Next: 68%
Magic:  5/5        EV:  8    Int:  9    God:
Gold:   119        SH:  8    Dex:  9    Spells: 4/4 levels left

rFire    . . .     SeeInvis .   a - +0 trident
rCold    . . .     Gourm    .   v - +0 shield
rNeg     . . .     Faith    .   y - +0 robe
rPois    .         Spirit   .   (helmet restricted)
rElec    .         Reflect  .   (no cloak)
rCorr    +         Harm     +   (gloves unavailable)
MR       .....                  (boots unavailable)
Stlth    +.........             g - amulet of harm
HPRegen  0.18/turn              c - ring of flight
MPRegen  0.09/turn              m - ring of resist corrosion

@: lethally poisoned (-1 -> -11)
A: large, unfitting armour, tough skin 1
a: Evoke Flight


You were on level 3 of the Dungeon.
You were very hungry.

You visited 1 branch of the dungeon, and saw 3 of its levels.

You collected 119 gold pieces.

Inventory:

Hand Weapons
 a - a +0 trident (weapon)
 b - a +2 dagger of speed
Armour
 v - a +0 shield (worn)
 y - a +0 robe (worn)
Jewellery
 c - a ring of flight (left hand)
 g - an amulet of harm (around neck)
 m - a ring of resist corrosion (right hand)
Scrolls
 e - a scroll of remove curse {unknown}
 h - 2 scrolls of identify {unknown}
 i - 2 scrolls of enchant armour {unknown}
 k - 2 scrolls of amnesia {unknown}
 l - a scroll of teleportation {unknown}
 p - a scroll of blinking {unknown}
Potions
 d - 3 potions of might
 j - 2 potions of mutation {unknown}
 n - a potion of brilliance {unknown}
 o - a potion of curing {unknown}
Comestibles
 f - 2 rations
 q - a chunk of flesh


   Skills:
 - Level 4.0 Fighting
 + Level 5.7 Polearms
 - Level 2.6 Dodging
 - Level 2.6 Shields


You had 4 spell levels left.
You didn't know any spells.

Dungeon Overview and Level Annotations

Branches:
Dungeon (3/15)

Altars:
Elyvilon

Annotations:
D:3 cultivahabas's ghost, amateur DsMo


Innate Abilities, Weirdness & Mutations

You are too large for most types of armour.
You have tough skin. (AC +1)


Message History

You block the worm's attack.
You hit the adder.
The adder is heavily wounded.
You feel sick. The adder bites you.
* * * LOW HITPOINT WARNING * * *
You are lethally poisoned!
The adder poisons you!
You puncture the adder!
You kill the adder!
* * * LOW HITPOINT WARNING * * *
You feel sick. The worm bites you.
* * * LOW HITPOINT WARNING * * *
Your shield prevents you from hitting the hobgoblin.
* * * LOW HITPOINT WARNING * * *
You feel sick. The hobgoblin barely misses you. You block the worm's attack.
You hit the hobgoblin.
The hobgoblin is lightly wounded.
* * * LOW HITPOINT WARNING * * *
You feel sick. The hobgoblin hits you with a club.
You die...

####### #.@go.#
#w###.#############
#.....o.>...(($....
#..#.#w#.#.#.###.##
###..........# #..#
##.....?.#.# ###o
.....>....... ≈
.##.......#.#.# .
...........##.≈ ≈


You could see a worm, an orc and a hobgoblin.

Vanquished Creatures
  A jelly (D:3)
  An orc priest (D:3)
  Jessica (D:2)
  An adder (D:3)
  A worm (D:2)
  9 dart slugs
  2 leopard geckos
  2 orcs (D:3)
  A ball python (D:2)
  4 giant cockroaches
  3 goblins
  7 hobgoblins
  6 jackals
  7 kobolds
  A quokka (D:2)
  9 bats
  5 frilled lizards
  6 rats
67 creatures vanquished.

Notes
Turn   | Place    | Note
-------+----------+-------------------------------------------
     0 | D:1      | fly the Ogre Fighter began the quest for the Orb.
     0 | D:1      | Reached XP level 1. HP: 24/24 MP: 1/1
   101 | D:1      | Reached XP level 2. HP: 32/32 MP: 2/2
   204 | D:1      | Reached skill level 3 in Polearms
   509 | D:1      | Reached XP level 3. HP: 39/39 MP: 3/3
  1082 | D:2      | Found a white marble altar of Elyvilon.
  1110 | D:2      | Reached skill level 4 in Polearms
  1302 | D:2      | Reached XP level 4. HP: 37/48 MP: 4/4
  1411 | D:2      | Noticed Jessica
  1421 | D:2      | Killed Jessica
  1555 | D:3      | Reached skill level 5 in Polearms
  1555 | D:3      | Reached XP level 5. HP: 31/54 MP: 5/5
  1576 | D:3      | Noticed cultivahabas's ghost (amateur DsMo)
  1761 | D:3      | Slain by a hobgoblin

Skill      XL: |  1  2  3  4 |
---------------+-------------+-----
Polearms       | 3 4 5 |  5.7
Fighting       | |  4.0
Dodging        | |  2.6
Shields        | |  2.6

Action                   |  1- 3 |  4- 6 || total
-------------------------+-------+-------++-------
Melee: Trident           |   106 |    74 ||   180
       Short sword       |     7 |       ||     7
       Dagger            |    49 |       ||    49
  Eat: Chunk             |     1 |     1 ||     2
Armor: Robe              |    42 |     9 ||    51
Dodge: Dodged            |    60 |    19 ||    79
Block: Shield            |    60 |    29 ||    89
